 Dungeon Crawl Stone Soup version 0.25-a0-294-gea9b1ad378 (webtiles) character file.

Game seed: 15688806717721225021, levelgen mode: classic

99 Borgoz the Cudgeler (level 4, -3/28 HPs)
             Began as a Gargoyle Gladiator on Dec 17, 2019.
             Slain by a kobold
             ... wielding a +0 whip
              (4 damage)
             ... on level 3 of the Dungeon.
             The game lasted 00:02:13 (1973 turns).

Borgoz the Cudgeler (Gargoyle Gladiator)            Turns: 1973, Time: 00:02:13

Health: -3/28      AC:  7    Str: 18    XL:     4   Next: 72%
Magic:  4/4        EV: 12    Int:  8    God:
Gold:   108        SH:  0    Dex: 12    Spells: 3/3 levels left

rFire    + . .     SeeInvis .   a - +0 flail
rCold    . . .     Gourm    .   (no shield)
rNeg     + . .     Faith    .   q - +0 leather armour (curse)
rPois    ∞         Spirit   .   c - +0 helmet
rElec    +         Reflect  .   i - scarf {cloud immunity}
rCorr    .         Harm     .   (no gloves)
MR       .....                  (no boots)
Stlth    +.........             (no amulet)
HPRegen  0.09/turn              h - ring of protection from fire
MPRegen  0.09/turn              (no ring)

@: no status effects
A: negative energy resistance 1, electricity resistance, unbreathing,
petrification resistance, rot immunity, AC +3
a: no special abilities


You were on level 3 of the Dungeon.
You were hungry.

You visited 1 branch of the dungeon, and saw 3 of its levels.

You collected 108 gold pieces.

Inventory:

Hand Weapons
 a - a +0 flail (weapon)
Missiles
 d - 3 throwing nets (quivered)
Armour
 c - a +0 helmet (worn)
 i - a scarf of cloud immunity (worn)
 q - a cursed +0 leather armour (worn)
Jewellery
 h - a ring of protection from fire (left hand)
 s - an uncursed ring of protection from cold {unknown}
Scrolls
 e - 4 scrolls of teleportation {unknown}
 g - a scroll of remove curse {unknown}
 l - a scroll of identify {unknown}
 m - 2 scrolls of magic mapping {unknown}
 p - a scroll of fog {unknown}
 w - a scroll of fear {unknown}
 x - a scroll of amnesia {unknown}
Potions
 j - a potion of lignification {unknown}
 k - a potion of flight {unknown}
 n - a potion of magic
 o - a potion of cancellation {unknown}
 r - 2 potions of brilliance {unknown}
 t - a potion of agility {unknown}
 u - 2 potions of heal wounds {unknown}
 v - a potion of curing {unknown}
Comestibles
 b - 2 chunks of flesh
 f - 5 rations


   Skills:
 + Level 3.0 Fighting
 * Level 4.0 Maces & Flails
 - Level 1.7 Throwing
 + Level 1.8 Armour
 + Level 2.9 Dodging


You had 3 spell levels left.
You didn't know any spells.
Your spell library was empty.

Dungeon Overview and Level Annotations

Branches:
Dungeon (3/15)

Altars:


Innate Abilities, Weirdness & Mutations

You are resistant to torment.
Your stone body is resilient. (AC +3)
You are immune to poison.
You resist negative energy. (rN+)
You are resistant to electric shocks. (rElec)
You can survive without breathing.
You are immune to petrification.
You are immune to rotting.


Message History

The orc is lightly wounded.
The orc hits you but does no damage. x2
You hit the orc but do no damage.
The orc is lightly wounded.
The orc hits you with a +0 short sword.
* * * LOW HITPOINT WARNING * * *
You hit the orc but do no damage.
The orc is lightly wounded.
The orc hits you but does no damage.
You hit the orc.
You kill the orc!
You barely miss the kobold. The kobold barely misses you.
The kobold hits you but does no damage.
You closely miss the kobold. The kobold hits you with a +0 whip.
* * * LOW HITPOINT WARNING * * *
You closely miss the kobold. The kobold closely misses you.
You barely miss the kobold. The kobold barely misses you.
It was a potion of magic.
Magic courses through your body. The kobold hits you with a +0 whip.
You die...

...................##.#.#
.#..................##.#.##
.....>..............##.....
..........(.........#......
>..........................
......).............#.....
.##.<.#)#########..##..>..
#....#.#######.....#..<^.
...##..oK@.#....###.......
..###...##......####÷.....
...........#.......†......
##.........#....#####.....
#.........#..............
#..............####.##.##
#.........#....# #.##.#
#.........###### #..#.##
#.........# ##.#...


You could see an orc and a kobold.

Vanquished Creatures
  4 adders
  A worm (D:3)
  A leopard gecko (D:3)
  6 orcs (D:3)
  2 ball pythons
  6 bats
  3 giant cockroaches
  4 goblins (D:1)
  2 hobgoblins
  10 jackals
  4 kobolds
  A frilled lizard (D:1)
  4 rats
48 creatures vanquished.

Notes
Turn   | Place    | Note
-------+----------+-------------------------------------------
     0 | D:1      | Borgoz the Gargoyle Gladiator began the quest for the Orb.
     0 | D:1      | Reached XP level 1. HP: 12/12 MP: 1/1
   271 | D:1      | Reached XP level 2. HP: 15/18 MP: 2/2
  1085 | D:2      | Reached skill level 1 in Armour
  1109 | D:2      | Reached XP level 3. HP: 18/22 MP: 3/3
  1371 | D:2      | Reached XP level 4. HP: 21/27 MP: 4/4
  1940 | D:3      | Reached skill level 4 in Maces & Flails
  1970 | D:3      | HP: 1/28 [kobold/+0 whip (5)]
  1973 | D:3      | Slain by a kobold

Levels and vault maps discovered:
D:1:      kilobyte_arrival_exit_the_forest, layout_loops_ring
D:2:      layout_basic, kennysheep_generic_room_16
D:3:      cheibrodos_old_hovel, layout_rooms

Skill      XL: |  1  2  3  4 |
---------------+-------------+-----
Armour         | 1 |  1.8
Fighting       | 3 |  3.0
Maces & Flails | 4 |  4.0
Throwing       | |  1.7
Dodging        | |  2.9

Action                   |  1- 3 |  4- 6 || total
-------------------------+-------+-------++-------
Melee: Flail             |    85 |    79 ||   164
  Use: Potion            |       |     1 ||     1
  Eat: Chunk             |     1 |     2 ||     3
Armor: Leather armour    |    56 |    54 ||   110
       Skin              |     2 |       ||     2
Dodge: Dodged            |    78 |    79 ||   157

Table legend:
 A = Non-vault XP
 B = Vault XP
 C = Vault XP percentage of total XP
 D = Non-vault monster count
 E = Vault monster count
 F = Vault count percentage of total count
                 A         B        C        D         E       F
            +---------+---------+-------+---------+---------+-------
      Total |     115 |      27 |  19.0 |      45 |       3 |   6.2
            +---------+---------+-------+---------+---------+-------
        D:1 |      25 |       0 |   0.0 |      14 |       0 |   0.0
        D:2 |      39 |      27 |  40.9 |      15 |       3 |  16.7
        D:3 |      51 |       0 |   0.0 |      16 |       0 |   0.0
            +---------+---------+-------+---------+---------+-------
